Map: [ESL] Tropical Sacrifice

Players

maru - Winner!

  • Race: Terran Terran
  • Spawn Location: 7:00

Rattata (Vanya)

  • Race: Zerg Zerg
  • Spawn Location: 1:00

Event: TSL 9

VOD

Have the link to the VOD?

Description

Time

  • Played on: July 30, 2022, 9:30 a.m.
  • Length: 9:23

All games in this series

Show
View Real Time Build Order
Export as new Build Order

maru Terran - Winner!

Build Orders:  

Get SALT Encoding   

  12  0:00  SCV  
  13  0:12  SCV  
  14  0:18  Supply Depot  
  14  0:24  SCV  
  15  0:39  SCV  
  15  0:41  Barracks  
  16  0:44  Refinery  
  16  0:51  SCV  
  17  1:03  SCV  
  18  1:16  SCV  
  19  1:28  Orbital Command, Marine  
  20  1:41  Command Center  
  20  1:52  Factory  
  20  1:55  SCV  
  21  2:04  Barracks Reactor, Refinery  
  21  2:07  SCV  
  22  2:13  Supply Depot  
  22  2:19  SCV  
  23  2:35  SCV  
  23  2:37  Hellion, Starport  
  26  2:41  Marine  
  26  2:42  Marine  
  28  2:47  SCV  
  29  2:53  Orbital Command  
  29  2:59  SCV, Widow Mine  
  29  3:04  Marine x2  
  34  3:12  SCV  
  35  3:13  Medivac  
  35  3:18  SCV  
  38  3:20  Supply Depot  
  38  3:24  SCV  
  39  3:28  Marine  
  39  3:29  Hellion  
  39  3:33  Hellion  
  44  3:34  SCV  
  44  3:36  SCV  
  46  3:45  Supply Depot  
  46  3:47  Barracks Tech Lab, Starport Tech Lab  
  46  3:48  SCV  
  46  3:49  SCV  
  48  3:57  Hellion x2  
  48  4:01  SCV  
  53  4:06  Stimpack, Raven  
  53  4:07  Supply Depot  
  53  4:08  SCV  
  56  4:18  SCV  
  56  4:20  SCV  
  56  4:21  Hellion  
  56  4:22  Hellion  
  62  4:30  SCV  
  56  4:33  SCV  
  56  4:35  Supply Depot  
  57  4:39  Engineering Bay  
  57  4:40  Refinery  
  57  4:42  SCV  
  58  4:52  SCV  
  59  4:53  Barracks  
  59  4:54  Barracks  
  59  4:56  Supply Depot  
  59  4:58  Starport Reactor  
  59  5:03  SCV  
  59  5:05  SCV  
  61  5:10  Marine  
  61  5:11  Siege Tank  
  61  5:13  Barracks x2, Terran Infantry Weapons Level 1  
  63  5:16  SCV  
  63  5:20  Supply Depot, SCV  
  65  5:28  SCV, Marine  
  66  5:30  Refinery  
  67  5:37  SCV  
  67  5:42  Starport Reactor  
  68  5:43  Supply Depot, Siege Tank  
  68  5:45  Marine x2  
  68  5:46  Combat Shield, Marine  
  74  5:52  Supply Depot  
  74  5:53  SCV  
  74  5:55  Marine x2  
  77  6:01  Marine  
  77  6:02  Marine  
  77  6:03  SCV, Marine x2  
  80  6:04  Marine  
  80  6:06  SCV  
  80  6:13  Marine x2  
  80  6:15  Supply Depot  
  80  6:17  Siege Tank  
  85  6:19  Medivac, Marine  
  85  6:23  Supply Depot, Marine  
  85  6:24  Marine x2  
  91  6:25  Marine  
  91  6:29  Medivac  
  91  6:31  Marine x2  
  96  6:37  Marine  
  97  6:41  Marine x3  
  97  6:43  Marine  
  101  6:49  Marine x2  
  101  6:50  Medivac  
  101  6:51  Siege Tank  
  108  6:55  Marine  
  108  6:59  Marine x3  
  108  7:00  Supply Depot  
  112  7:01  Marine  
  112  7:06  Supply Depot, Marine  
  112  7:07  Terran Infantry Armor Level 1, Marine  
  115  7:12  Marine  
  114  7:17  Medivac, Marine x3  
  114  7:19  Marine  
  120  7:23  Siege Tank  
  120  7:24  Marine x2  
  125  7:30  Marine  
  125  7:33  Medivac  
  125  7:34  Marine  
  125  7:35  Supply Depot  
  128  7:40  Marine x3  
  108  7:53  Marine x3  
  108  7:54  Medivac  
  108  7:55  Siege Tank, Marine  
  108  7:58  Marine x3  
  109  8:02  Medivac  
  108  8:05  SCV  
  108  8:11  Marine x3  
  108  8:12  Marine  
  109  8:15  Marine  
  109  8:16  Marine  
  109  8:18  Marine  
  104  8:24  Medivac  
  106  8:28  Marine x2  
  106  8:29  Marine  
  106  8:30  Marine  
  106  8:32  Medivac, Siege Tank  
  106  8:33  Marine x2  
  112  8:36  Marine  
  110  8:46  Marine x3  
  110  8:48  Marine  
  113  8:51  Marine x2  
  113  8:54  Marine  
  118  9:04  Marine x3  
Show
View Real Time Build Order
Export as new Build Order

Rattata Zerg 

Build Orders: Hatch First 

Get SALT Encoding   

  12  0:00  Drone  
  13  0:13  Overlord  
  13  0:18  Drone  
  14  0:31  Drone x2  
  16  0:49  Hatchery  
  15  0:53  Drone  
  15  0:56  Drone  
  17  0:59  Drone  
  18  1:10  Extractor  
  17  1:15  Spawning Pool  
  17  1:18  Drone  
  17  1:21  Drone  
  18  1:29  Drone  
  19  1:39  Drone  
  20  1:50  Drone  
  21  2:02  Zergling x2, Queen x2  
  21  2:03  Zergling x2  
  27  2:14  Overlord  
  27  2:16  Drone  
  28  2:25  Hatchery  
  28  2:27  Drone  
  28  2:33  Drone x2  
  28  2:36  Drone  
  31  2:42  Queen  
  33  2:47  Overlord  
  33  2:51  Drone  
  33  2:54  Drone x2  
  33  2:58  Metabolic Boost  
  36  3:06  Queen  
  36  3:08  Drone x2  
  36  3:12  Overlord  
  40  3:14  Drone  
  40  3:16  Drone  
  40  3:18  Drone  
  43  3:21  Drone  
  44  3:30  Queen, Drone  
  44  3:31  Drone  
  48  3:36  Queen  
  48  3:39  Overlord  
  50  3:43  Drone x3  
  53  3:50  Drone  
  53  3:51  Overlord  
  53  3:53  Zergling x2  
  53  3:54  Zergling x4  
  57  3:56  Zergling x2  
  57  4:04  Baneling Nest  
  57  4:05  Zergling x8  
  57  4:09  Extractor  
  59  4:12  Drone x2, Extractor  
  59  4:14  Queen  
  59  4:17  Drone x2  
  63  4:24  Overlord  
  63  4:28  Drone x4  
  63  4:30  Drone  
  62  4:32  Drone  
  62  4:36  Lair  
  63  4:39  Drone x2  
  63  4:44  Drone  
  66  4:47  Drone x4  
  66  4:52  Drone x3  
  72  4:56  Drone x2  
  74  5:05  Zergling x4  
  74  5:15  Evolution Chamber  
  74  5:17  Drone  
  74  5:18  Overlord, Evolution Chamber  
  74  5:19  Zergling x2  
  74  5:21  Overlord  
  74  5:22  Overlord  
  74  5:30  Overlord  
  74  5:34  Centrifugal Hooks  
  74  5:39  Drone x4  
  78  5:44  Zerg Melee Weapons Level 1  
  78  5:45  Zerg Ground Armor Level 1  
  78  5:48  Hatchery  
  77  5:51  Zergling x2  
  77  5:52  Zergling x8  
  81  6:06  Zergling x22  
  91  6:18  Baneling x8  
  91  6:19  Zergling x6  
  94  6:27  Baneling x5  
  94  6:29  Zergling x6  
  94  6:31  Hatchery  
  96  6:35  Overlord  
  96  6:37  Baneling x4  
  96  6:38  Zergling x6, Baneling x4  
  99  6:41  Zergling x6  
  102  6:49  Zergling x2  
  102  6:50  Zergling x6  
  105  6:55  Zergling x10  
  105  6:59  Baneling x8  
  110  7:06  Overlord x2  
  110  7:08  Zergling x4  
  110  7:18  Zergling x20  
  110  7:21  Baneling x7  
  120  7:25  Zergling x8  
  120  7:29  Baneling x3  
  124  7:31  Zergling x2  
  124  7:36  Zergling x6  
  111  7:48  Zergling x14  
  92  7:55  Zergling x8  
  92  7:56  Zergling x10  
  92  7:57  Baneling x7  
  91  8:01  Zergling x4  
  89  8:08  Zergling x2  
  89  8:09  Zergling x14  
  88  8:13  Zergling x10  
  81  8:20  Zergling x4  
  81  8:22  Baneling x2  
  81  8:23  Zergling x4  
  83  8:28  Zergling x2  
  83  8:29  Queen  
  83  8:30  Zergling x2  
  83  8:33  Zergling x4  
  77  8:39  Zergling x8  
  78  8:41  Baneling x11  
  78  8:43  Baneling x2  
  78  8:44  Zergling x4  
  77  8:48  Zergling x2  
  77  8:49  Zergling x6  
  77  8:51  Zergling x2  
  75  9:03  Zergling x8  
  75  9:05  Baneling  
Tags
 
Add a new tag
Caveats
  • Supply blocks, unpowered buildings, or Contaminate may cause inaccurate times.
  • Supply counts are checked every 10 seconds.